AoeStats
← RudiKillerD

Lombardia

509776098Analyzed
4v4 RM · 6d ago on Sep 28, 2026· 42m 14s· 8 players
Game mode
Random Map
Map size
Large (8 player)
Population
200
Speed
Normal
Resources
Standard
Victory
Conquest
Starting age
Dark Age
Ending age
Imperial Age
RankedLock teamsTeams togetherTeam positionsShared explorationLock speedFull tech treeHidden civsTurbo modeCheats
Victory
Defeat
🇨🇦 Bengalis · Canada
1082
+13
🇵🇪 Inca · Peru
1057
+14
🇺🇸 Celts · United States
935
+19
🇺🇸 Burgundians · United States
933
+20
🇺🇸 Magyars · United States
1036
-17
🇲🇽 Saxons · Mexico
1026
-17
🇨🇴 Goths · Colombia
999
-16
🇺🇸 Varangians · United States
989
-16
Wahlburgers5203
8:01 Loom
10:35 Feudal Age
15:47 Castle Age
15:17 Double-Bit Axe
15:14 Horse Collar
16:48 Bow Saw
26:36 Heavy Plow
27:16 Wheelbarrow
26:48 Stone Mining
26:48 Gold Mining
28:27 Hand Cart
35:08 Imperial Age
33:25 Fletching
33:36 Padded Archer Armor
33:40 Caravan
34:12 Corvinian Army
34:44 Bodkin Arrow
35:18 Ballistics
35:58 Leather Archer Armor
35:54 Bracer
36:11 Recurve Bow
37:34 Chemistry
37:28 Heavy Cavalry Archer
38:20 Bloodlines
38:11 Husbandry
39:18 Parthian Tactics
39:19 Scale Barding Armor
39:47 Ring Archer Armor
NikoNikoNiiUwUQueen
5:02 Loom
9:39 Feudal Age
10:12 Double-Bit Axe
10:23 Horse Collar
14:39 Wheelbarrow
16:53 Wheelbarrow
20:45 Castle Age
18:46 Man-at-Arms
19:12 Arson
21:26 Long Swordsman
21:52 Gambesons
22:09 Squires
22:13 Scale Mail Armor
22:36 Hand Cart
22:50 Bow Saw
22:42 Heavy Plow
25:38 Caravan
27:31 Squires
28:13 Pikeman
32:24 Scale Mail Armor
32:34 Forging
37:12 Imperial Age
35:37 Fortified Wall
36:21 Gold Mining
36:22 Stone Mining
36:40 Treadmill Crane
37:16 Halberdier
37:17 Two-Handed Swordsman
37:46 Shield Wall
39:07 Conscription
39:22 Chain Mail Armor
39:43 Iron Casting
40:22 Two-Handed Swordsman
sweg 696969
10:49 Feudal Age
9:07 Loom
14:06 Double-Bit Axe
21:20 Castle Age
19:29 Horse Collar
21:32 Scale Barding Armor
23:53 Bloodlines
23:57 Forging
29:43 Wheelbarrow
30:01 Bow Saw
33:52 Chain Barding Armor
36:18 Imperial Age
34:03 Husbandry
35:18 Heavy Plow
37:02 Iron Casting
37:09 Cavalier
40:17 Plate Barding Armor
40:45 Blast Furnace
RudiKillerD
3:15 Loom
11:28 Feudal Age
12:00 Double-Bit Axe
11:56 Horse Collar
19:26 Castle Age
20:35 Heavy Plow
20:47 Bow Saw
22:46 Gold Mining
27:01 Imperial Age
24:37 Anarchy
25:46 Squires
26:00 Forging
25:51 Scale Mail Armor
27:17 Iron Casting
27:49 Perfusion
28:08 Chain Mail Armor
31:38 Two-Man Saw
31:59 Capped Ram
36:47 Crop Rotation
40:50 Conscription
Maj. Payne
3:07 Loom
12:00 Feudal Age
12:29 Double-Bit Axe
12:26 Horse Collar
19:56 Castle Age
18:42 Scale Mail Armor
18:54 Forging
20:22 Stone Mining
21:46 Chain Mail Armor
23:50 Bow Saw
25:05 Iron Casting
25:24 Gold Mining
28:07 Caravan
34:29 Imperial Age
32:59 Wheelbarrow
32:10 Town Watch
32:32 Heavy Plow
32:12 Pikeman
32:50 Arson
34:23 Hand Cart
36:28 Hoardings
36:14 Conscription
36:29 Town Patrol
36:17 Capped Ram
37:11 Siege Ram
39:23 Blast Furnace
38:54 Plate Mail Armor
40:15 Furor Celtica
40:10 Heavy Scorpion
42:36 Siege Engineers
42:42 Masonry
42:54 Ballistics
42:45 Fortified Wall
42:31 Murder Holes
Chill Maister
10:06 Feudal Age
9:30 Double-Bit Axe
17:48 Scale Barding Armor
19:53 Castle Age
18:03 Scale Barding Armor
18:43 Scale Mail Armor
19:05 Horse Collar
19:47 Forging
20:19 Light Cavalry
20:21 Pikeman
25:39 Heavy Plow
32:57 Imperial Age
32:10 Gold Mining
34:41 Chemistry
34:01 Fletching
35:32 Conscription
37:45 Chain Barding Armor
38:15 Hussar
40:28 Cavalier
GrandMasterTitties
12:46 Feudal Age
13:25 Loom
17:33 Castle Age
15:57 Horse Collar
16:03 Double-Bit Axe
18:34 Bow Saw
19:18 Wheelbarrow
27:33 Hand Cart
33:03 Imperial Age
30:26 Fletching
31:09 Padded Archer Armor
31:11 Gold Mining
31:12 Stone Mining
31:45 Bodkin Arrow
32:06 Masonry
33:31 Leather Archer Armor
33:28 Caravan
33:34 Town Watch
33:51 Bracer
34:15 Ballistics
34:49 Heavy Plow
34:19 Elite Elephant Archer
36:14 Bloodlines
36:04 Husbandry
36:38 Conscription
36:25 Paiks
36:44 Town Patrol
39:01 Ring Archer Armor
39:34 Chemistry
39:06 Architecture
Milaneso Blinders
10:31 Loom
12:16 Feudal Age
13:14 Town Watch
16:55 Castle Age
16:37 Scale Mail Armor
18:54 Chain Mail Armor
19:22 Champi Runner
20:20 Squires
21:29 Forging
26:20 Iron Casting
25:35 Double-Bit Axe
27:09 Horse Collar
28:57 Arson
29:14 Fletching
32:13 Bodkin Arrow
33:56 Gold Mining
35:09 Wheelbarrow
37:52 Imperial Age
36:04 Bow Saw
36:27 Ballistics
37:01 Padded Archer Armor
38:14 Leather Archer Armor
37:38 Champi Warrior
39:18 Plate Mail Armor
38:52 Elite Champi Warrior
41:55 Blast Furnace
42:35 Chemistry
42:32 Fabric Shields
Connection lost

Rejoining the realm…

Still unreachable

The connection could not be restored.

Session expired

The server has moved on; the page needs a fresh start.